 Dungeon Crawl Stone Soup version 0.24.0-123-gd5b16e6ec5 (webtiles) character file.

Game seed: 18413244826216368184, levelgen mode: deterministic

148 Jokulmorder the Ogre Mage (level 5, -9/45 HPs)
             Began as an Ogre Wizard on Dec 20, 2019.
             Was an Initiate of Gozag.
             Mangled by an orc
             ... wielding a +0 flail
              (11 damage)
             ... on level 4 of the Dungeon.
             The game lasted 00:30:14 (4003 turns).

Jokulmorder the Ogre Mage (Ogre Wizard)             Turns: 4003, Time: 00:30:14

Health: -9/45      AC:  3    Str: 11    XL:     5   Next: 30%
Magic:  12/12      EV: 10    Int: 20    God:    Gozag
Gold:   167        SH:  0    Dex:  7    Spells: 13/14 levels left

rFire    . . .     SeeInvis +   (no weapon)
rCold    . . .     Gourm    .   (no shield)
rNeg     . . .     Faith    .   a - +0 robe
rPois    .         Spirit   .   b - +0 hat
rElec    .         Reflect  .   (no cloak)
rCorr    .         Harm     .   (gloves unavailable)
MR       .....                  (boots unavailable)
Stlth    ..........             (no amulet)
HPRegen  0.15/turn              f - ring of see invisible
MPRegen  0.13/turn              i - ring of attention (curse)

@: lethally poisoned (-9 -> -11)
A: large, unfitting armour, tough skin 1
a: Potion Petition, Call Merchant, Bribe Branch, Renounce Religion


You were on level 4 of the Dungeon.
You worshipped Gozag.
Gozag was aware of your devotion.
You were not hungry.

You visited 1 branch of the dungeon, and saw 4 of its levels.

You collected 167 gold pieces.

Inventory:

Armour
 a - a +0 robe (worn)
 b - a +0 hat (worn)
Jewellery
 f - a ring of see invisible (left hand)
 i - a cursed ring of attention (right hand)
Wands
 h - a wand of flame (26)
Scrolls
 g - 2 scrolls of enchant weapon
 l - a scroll of noise {unknown}
 m - a scroll of fear {unknown}
 o - a scroll of remove curse {unknown}
 q - a scroll of random uselessness {unknown}
 r - a scroll of blinking {unknown}
Potions
 c - a potion of brilliance {unknown}
 e - a potion of magic {unknown}
 j - a potion of heal wounds {unknown}
 k - 2 potions of curing
 n - a potion of berserk rage {unknown}
 p - 3 potions of haste {unknown}
Comestibles
 d - 8 rations


   Skills:
 + Level 2.3 Dodging
 + Level 1.9 Stealth
 + Level 0.8 Unarmed Combat
 + Level 5.1 Spellcasting
 + Level 2.3 Conjurations
   Level 0.8 Summonings
   Level 0.8 Translocations


You had 13 spell levels left.
You knew the following spells:

 Your Spells              Type           Power        Failure   Level  Hunger
a - Magic Dart            Conj           ##..         4%          1    None

Your spell library contained the following spells:

 Spells                   Type           Power        Failure   Level  Hunger
 Blink                    Tloc           N/A          12%         2    None
 Call Imp                 Summ           #.......     12%         2    None
 Slow                     Hex            #.......     17%         2    None
 Conjure Flame            Conj/Fire      #.......     22%         3    ##.....
 Mephitic Cloud           Conj/Pois/Air  #.......     26%         3    ##.....


Dungeon Overview and Level Annotations

Branches:
Dungeon (4/15)
 Temple: D:4-7

Altars:
Fedhas
Gozag
Ru
Sif Muna

Annotations:
D:2 Natasha, Sigmund


Innate Abilities, Weirdness & Mutations

You are too large for most types of armour.
You have tough skin. (AC +1)


Message History

The scorpion stings you.
* * * LOW HITPOINT WARNING * * *
You are poisoned.
The scorpion poisons you!
You climb downwards.
You feel sick. The orc hits you with a +0 flail.
* * * LOW HITPOINT WARNING * * *
The orc barely misses you.
There is a stone staircase leading up here.
You closely miss the orc.
* * * LOW HITPOINT WARNING * * *
You feel sick. The scorpion closely misses you.
You hit the orc.
The orc is heavily wounded.
The orc barely misses you. The scorpion barely misses you.
You hit the orc but do no damage.
The orc is heavily wounded.
* * * LOW HITPOINT WARNING * * *
You feel sick. The orc hits you with a +0 flail!
You die...
Your body crumbles into a pile of gold.

#.# #.#
#.####o. #.#
#.....so #.#
#..# #.# #..#
#.# #..# #(#
####..# #s#
###..o..# #@#
#.o...#.#
#o####.#...#.#
#...##.#####.#
###.##.# #.#
#....#####.#
##..>......#
#.#########
#.# $ ..#


You could see a scorpion and an orc.

Vanquished Creatures
  An orc wizard (D:3)
  Natasha (D:2)
  2 adders (D:3)
  A worm (D:3)
  3 dart slugs
  2 leopard geckos
  5 orcs (D:3)
  2 ball pythons (D:1)
  3 giant cockroaches
  8 goblins
  5 hobgoblins
  9 bats
  4 frilled lizards
  8 kobolds
  3 rats
57 creatures vanquished.

Notes
Turn   | Place    | Note
-------+----------+-------------------------------------------
     0 | D:1      | Jokulmorder the Ogre Wizard began the quest for the Orb.
     0 | D:1      | Reached XP level 1. HP: 16/16 MP: 5/5
    46 | D:1      | Reached skill level 1 in Conjurations
   143 | D:1      | Reached XP level 2. HP: 24/24 MP: 1/6
   198 | D:1      | Reached skill level 4 in Spellcasting
   751 | D:1      | Reached XP level 3. HP: 31/31 MP: 1/8
  1037 | D:2      | Noticed Sigmund
  1799 | D:2      | Noticed Natasha
  2043 | D:2      | Found an opulent altar of Gozag.
  2384 | D:2      | Killed Natasha
  2384 | D:2      | Reached XP level 4. HP: 24/39 MP: 3/10
  2624 | D:3      | Found a sacrificial altar of Ru.
  2624 | D:3      | Found a blossoming altar of Fedhas.
  2625 | D:3      | Found a shimmering blue altar of Sif Muna.
  2675 | D:2      | Noticed Natasha
  3321 | D:3      | Reached skill level 5 in Spellcasting
  3321 | D:3      | Reached XP level 5. HP: 38/45 MP: 3/12
  3585 | D:3      | Found a faded altar of an unknown god.
  3640 | D:3      | Became a worshipper of Gozag Ym Sagoz the Greedy
  4003 | D:4      | HP: 2/45 [poisoned by a scorpion]
  4003 | D:4      | Mangled by an orc

Levels and vault maps discovered:
D:1:      mrwooster_arrival_statue, layout_basic, columned_hall_lemuel,
          glass_columns_a, minmay_pentomino_v2
D:2:      layout_rooms, nicolae_gozag_cash_rules_everything_around_me,
          uniq_sigmund, uniq_natasha
D:3:      layout_basic, gammafunk_temple_overflow_claw,
          chequers_ecumenical_altar_island, first_ration, serial_bayou_pond_c
D:4:      layout_loops_ring

Skill      XL: |  1  2  3  4 |
---------------+-------------+-----
Conjurations   | 1 2 |  2.3
Spellcasting   | 4 5 |  5.1
Dodging        | 2 |  2.3
Stealth        | |  1.9
Unarmed Combat | |  0.8
Summonings     | |  0.8
Translocations | |  0.8

Action                   |  1- 3 |  4- 6 || total
-------------------------+-------+-------++-------
Melee: Unarmed           |    36 |    26 ||    62
 Cast: Magic Dart        |   113 |    85 ||   198
  Use: Scroll            |     2 |       ||     2
  Eat: Ration            |     2 |     1 ||     3
Armor: Robe              |    20 |     4 ||    24
Dodge: Dodged            |    42 |    25 ||    67
